IL
ROCHESTER RED WINGS @ ROUND ROCK EXPRESS
09/18/2045
 
TOP OF THE 1ST
Rochester Red Wings batting - Pitching for Round Rock Express : RHP Victor Nunez
Pitching: RHP Victor Nunez
Batting: RHB J.J. Powers 0-0: Ball
1-0: Foul Ball, location: 2F
1-1: Ball
2-1: Swinging Strike
2-2: Ball
3-2: Base on Balls
Batting: LHB Matt Patnaude 0-0: Ball
1-0: Grounds into double play, 4-6-3 (Groundball, 34, EV 81.2 MPH)
Batting: LHB Steve Roepke 0-0: Swinging Strike
0-1: Ball
1-1: Foul Ball, location: 2F
1-2: Foul Ball, location: 2F
1-2: Strikes out swinging
Top of the 1st over - 0 runs, 0 hits, 0 errors, 0 left on base; Rochester 0 - Round Rock 0
BOTTOM OF THE 1ST
Round Rock Express batting - Pitching for Rochester Red Wings : RHP Rich Nunez
Pitching: RHP Rich Nunez
Batting: SHB Valentin Laporte 0-0: Ball
1-0: Swinging Strike
1-1: SINGLE (Flyball, 6D, EV 81.9 MPH)
Batting: SHB Alvare Bairro 0-0: Ball
1-0: Ball
2-0: Foul Ball, location: 2F
2-1: Ball
Valentin Laporte steals 2nd base
3-1: Fly out, F7 (Line Drive, 7D, EV 106.9 MPH)
Batting: LHB Josh Cook 0-0: Foul Ball, location: 2F
0-1: Called Strike
0-2: Strikes out swinging
Batting: RHB Orlando Suarez 0-0: Ball
1-0: Foul Ball, location: 2F
1-1: 2-RUN HOME RUN (Flyball, 78XD, EV 106.9 MPH), Distance : 383 ft
Batting: RHB Rodolfo Contreras 0-0: Called Strike
0-1: Ball
1-1: Ball
2-1: Ball
3-1: Base on Balls
Pitching: RHP Mike Ferry
Batting: SHB Isaiah Cherry 0-0: Ball
1-0: Called Strike
Rodolfo Contreras steals 2nd base (no throw)
1-1: Ball
2-1: Ball
3-1: Ground out 6-3 (Groundball, 56, EV 105.0 MPH)
Bottom of the 1st over - 2 runs, 2 hits, 0 errors, 1 left on base; Rochester 0 - Round Rock 2
TOP OF THE 2ND
Rochester Red Wings batting - Pitching for Round Rock Express : RHP Victor Nunez
Batting: LHB Armando Rendon 0-0: Foul Ball, location: 2F
0-1: Ground out 6-3 (Groundball, 6, EV 98.1 MPH)
Batting: SHB Aaron Tatar 0-0: Called Strike
0-1: Ball
1-1: Foul Ball, location: 2F
1-2: Ball
2-2: Ball
3-2: Strikes out looking
Batting: RHB Joe Zimmerman 0-0: Ball
1-0: Called Strike
1-1: Ball
2-1: Ball
3-1: Base on Balls
Batting: RHB Gustavo Mendiola 0-0: Fielders Choice at 2nd, 6-4 (Groundball, 56, EV 86.2 MPH)
Top of the 2nd over - 0 runs, 0 hits, 0 errors, 1 left on base; Rochester 0 - Round Rock 2
BOTTOM OF THE 2ND
Round Rock Express batting - Pitching for Rochester Red Wings : RHP Mike Ferry
Batting: SHB Dan Tew 0-0: Ball
1-0: Ball
2-0: Ball
3-0: Called Strike
3-1: Base on Balls
Batting: RHB Jerry Jauregui 0-0: Ball
1-0: Ball
2-0: Called Strike
2-1: Ball
3-1: Base on Balls
Dan Tew to second
Batting: RHB Rick Concha 0-0: Called Strike
0-1: Ball
1-1: Ball
2-1: Fielders Choice at 2nd, 3-6 (Groundball, 34, EV 88.8 MPH)
Dan Tew to third
Pitching: LHP Inkei Wakamatsu
Batting: SHB Valentin Laporte 0-0: Called Strike
Rick Concha steals 2nd base
0-1: Swinging Strike
0-2: Ball
1-2: SINGLE (Groundball, 3S, EV 99.4 MPH)
Dan Tew scores
Rick Concha to third
Batting: SHB Alvare Bairro 0-0: Ball
1-0: Swinging Strike
1-1: SINGLE (Groundball, 6S, EV 63.8 MPH) (infield hit)
Rick Concha scores
Valentin Laporte to second
Batting: LHB Josh Cook 0-0: Ball
1-0: Called Strike
1-1: Hit by Pitch
Valentin Laporte to third
Alvare Bairro to second
Batting: RHB Orlando Suarez 0-0: Foul Ball, location: 2F
0-1: Ball
1-1: Foul Ball, location: 2F
1-2: Fly out, F8 (Flyball, 8RM, EV 86.2 MPH)
Batting: RHB Rodolfo Contreras 0-0: Ball
1-0: Swinging Strike
1-1: Ball
2-1: Ball
3-1: Base on Balls
Valentin Laporte scores
Alvare Bairro to third
Josh Cook to second
Pitching: RHP Antonio Alcaraz
Batting: SHB Isaiah Cherry 0-0: Ball
1-0: Foul Ball, location: 2F
1-1: Foul Ball, location: 2F
1-2: Fly out, F7 (Flyball, 78M, EV 95.6 MPH)
Bottom of the 2nd over - 3 runs, 2 hits, 0 errors, 3 left on base; Rochester 0 - Round Rock 5
TOP OF THE 3RD
Rochester Red Wings batting - Pitching for Round Rock Express : RHP Victor Nunez
Batting: RHB Cesar Yega 0-0: Called Strike
0-1: Ball
1-1: Called Strike
1-2: Fly out, F7 (Flyball, 7LS, EV 78.8 MPH)
Batting: SHB Kamiel Akkerman 0-0: Called Strike
0-1: Foul Ball, location: 2F
0-2: Ball
1-2: Ball
2-2: Strikes out swinging, 2-3 out at first.
Batting: RHB J.J. Powers 0-0: Ball
1-0: Foul Ball, location: 2F
1-1: Foul Ball, location: 2F
1-2: Foul Ball, location: 2F
1-2: Strikes out swinging
Top of the 3rd over - 0 runs, 0 hits, 0 errors, 0 left on base; Rochester 0 - Round Rock 5
BOTTOM OF THE 3RD
Round Rock Express batting - Pitching for Rochester Red Wings : RHP Antonio Alcaraz
Batting: SHB Dan Tew 0-0: Called Strike
0-1: Foul Ball, location: 2F
0-2: Ball
1-2: SINGLE (Groundball, 4MD, EV 106.9 MPH)
Batting: RHB Jerry Jauregui 0-0: 2-RUN HOME RUN (Flyball, 9D, EV 97.5 MPH), Distance : 378 ft
Batting: RHB Rick Concha 0-0: Called Strike
0-1: Called Strike
0-2: Ball
1-2: Ball
2-2: Fly out, F3 (Popup, 23F, EV 85.0 MPH)
Batting: SHB Valentin Laporte 0-0: Ground out 6-3 (Groundball, 6MS, EV 86.2 MPH)
Batting: SHB Alvare Bairro 0-0: Foul Ball, location: 2F
0-1: DOUBLE (Line Drive, 7LM, EV 105.6 MPH)
Batting: LHB Josh Cook 0-0: Foul Ball, location: 2F
0-1: Called Strike
0-2: Ball
1-2: SINGLE (Line Drive, 6D, EV 99.4 MPH)
Alvare Bairro to third
Pitching: RHP Fernando Macias
Batting: RHB Orlando Suarez 0-0: Ball
1-0: DOUBLE (Line Drive, 9LS, EV 106.9 MPH)
Alvare Bairro scores
Josh Cook to third
Runner from 3rd tries for Home, SAFE, throw by RF to home
Batting: RHB Rodolfo Contreras 0-0: Ball
1-0: Called Strike
1-1: Swinging Strike
1-2: Ball
2-2: Ball
3-2: Base on Balls
Batting: SHB Isaiah Cherry 0-0: Ball
1-0: Ball
2-0: Foul Ball, location: 2F
2-1: Called Strike
2-2: Ball
3-2: Foul Ball, location: 2F
3-2: Foul Ball, location: 2F
3-2: Foul Ball, location: 2F
3-2: Base on Balls
Orlando Suarez to third
Rodolfo Contreras to second
Batting: SHB Dan Tew 0-0: Called Strike
0-1: Swinging Strike
0-2: Ball
1-2: Ball
2-2: Ball
3-2: Foul Ball, location: 2F
3-2: Foul Ball, location: 2F
3-2: Foul Ball, location: 2F
3-2: Base on Balls
Orlando Suarez scores
Rodolfo Contreras to third
Isaiah Cherry to second
Pitching: LHP Angel Vidaurri
Batting: RHB Jerry Jauregui 0-0: Ball
1-0: Called Strike
1-1: Ball
2-1: Called Strike
2-2: Ball
3-2: Foul Ball, location: 2F
3-2: Foul Ball, location: 2F
3-2: Base on Balls
Rodolfo Contreras scores
Isaiah Cherry to third
Dan Tew to second
Batting: RHB Rick Concha 0-0: Ball
1-0: SINGLE (Groundball, 15S, EV 69.4 MPH) (infield hit)
Isaiah Cherry scores
Dan Tew to third
Jerry Jauregui to second
Batting: SHB Valentin Laporte 0-0: Called Strike
0-1: Ball
1-1: Ball
2-1: Ground out U3 (Groundball, 34, EV 77.5 MPH)
Bottom of the 3rd over - 7 runs, 6 hits, 0 errors, 3 left on base; Rochester 0 - Round Rock 12
TOP OF THE 4TH
Rochester Red Wings batting - Pitching for Round Rock Express : RHP Victor Nunez
Batting: LHB Matt Patnaude 0-0: Ball
1-0: Called Strike
1-1: Foul Ball, location: 2F
1-2: Ball
2-2: Strikes out looking
Batting: LHB Steve Roepke 0-0: Foul Ball, location: 2F
0-1: Ground out 4-3 (Groundball, 4, EV 80.6 MPH)
Batting: LHB Armando Rendon 0-0: Ball
1-0: Foul Ball, location: 2F
1-1: Swinging Strike
1-2: Ball
2-2: Ball
3-2: Foul Ball, location: 2F
3-2: Strikes out swinging
Top of the 4th over - 0 runs, 0 hits, 0 errors, 0 left on base; Rochester 0 - Round Rock 12
BOTTOM OF THE 4TH
Round Rock Express batting - Pitching for Rochester Red Wings : LHP Angel Vidaurri
Batting: SHB Alvare Bairro 0-0: Ground out 4-3 (Groundball, 4, EV 109.4 MPH)
Batting: LHB Josh Cook 0-0: Ball
1-0: Called Strike
1-1: Foul Ball, location: 2F
1-2: DOUBLE (Flyball, 89D, EV 93.1 MPH)
Pitching: LHP Shu-yen Guo
Batting: RHB Orlando Suarez 0-0: Ball
1-0: SINGLE (Groundball, 6MD, EV 103.8 MPH)
Josh Cook to third
Runner from 3rd tries for Home, SAFE, throw by CF to home
Orlando Suarez to second
Batting: RHB Rodolfo Contreras 0-0: Ball
1-0: Ground out U3 (Groundball, 3S, EV 88.1 MPH)
Orlando Suarez to third
Batting: SHB Isaiah Cherry 0-0: Ball
1-0: Swinging Strike
1-1: Ball
2-1: Ball
3-1: Base on Balls
Batting: SHB Dan Tew 0-0: Ball
1-0: Called Strike
1-1: Ball
2-1: Swinging Strike
2-2: Ball
3-2: Ground out U3 (Groundball, 34, EV 100.0 MPH)
Bottom of the 4th over - 1 run, 2 hits, 0 errors, 2 left on base; Rochester 0 - Round Rock 13
TOP OF THE 5TH
Rochester Red Wings batting - Pitching for Round Rock Express : RHP Victor Nunez
Batting: SHB Aaron Tatar 0-0: Ball
1-0: Called Strike
1-1: Ball
2-1: Foul Ball, location: 2F
2-2: Fly out, F7 (Flyball, 78S, EV 81.9 MPH)
Batting: RHB Joe Zimmerman 0-0: Called Strike
0-1: Swinging Strike
0-2: Ball
1-2: Strikes out looking
Batting: RHB Gustavo Mendiola 0-0: Fly out, F2 (Popup, 3SF, EV 78.8 MPH)
Top of the 5th over - 0 runs, 0 hits, 0 errors, 0 left on base; Rochester 0 - Round Rock 13
BOTTOM OF THE 5TH
Round Rock Express batting - Pitching for Rochester Red Wings : LHP Shu-yen Guo
Batting: RHB Jerry Jauregui 0-0: Ball
1-0: Ground out 6-3 (Groundball, 6, EV 83.8 MPH)
Batting: RHB Rick Concha 0-0: Ball
1-0: SINGLE (Groundball, 4MD, EV 105.0 MPH)
Batting: SHB Valentin Laporte 0-0: Ball
Passed Ball!
Rick Concha to second
1-0: Ball
Wild Pitch!
Rick Concha to third
2-0: Ball
3-0: Called Strike
3-1: Base on Balls
Batting: SHB Alvare Bairro 0-0: Called Strike
0-1: Ball
Wild Pitch!
Rick Concha scores
Valentin Laporte to second
1-1: Ball
2-1: Ball
3-1: Fly out, F7 (Flyball, 7S, EV 87.5 MPH)
Batting: LHB Josh Cook 0-0: Called Strike
0-1: Foul Ball, location: 2F
0-2: SINGLE (Line Drive, 9S, EV 100.0 MPH)
Valentin Laporte to third
Runner from 3rd tries for Home, SAFE, throw by RF to home
Batting: RHB Orlando Suarez 0-0: Foul Ball, location: 2F
0-1: Fielders Choice at 2nd, 5-4 (Groundball, 5, EV 100.6 MPH)
Bottom of the 5th over - 2 runs, 2 hits, 0 errors, 1 left on base; Rochester 0 - Round Rock 15
TOP OF THE 6TH
Rochester Red Wings batting - Pitching for Round Rock Express : RHP Victor Nunez
Batting: RHB Cesar Yega 0-0: Called Strike
0-1: Ball
1-1: Ball
2-1: Called Strike
2-2: Strikes out swinging
Batting: SHB Kamiel Akkerman 0-0: Ball
1-0: Foul Ball, location: 2F
1-1: Foul Ball, location: 2F
1-2: Ball
2-2: Ball
3-2: Foul Ball, location: 2F
3-2: Strikes out swinging
Batting: RHB J.J. Powers 0-0: Ball
1-0: Ball
2-0: Called Strike
2-1: Ball
3-1: Base on Balls
Batting: LHB Matt Patnaude 0-0: Ball
J.J. Powers steals 2nd base (no throw)
1-0: Foul Ball, location: 2F
1-1: Foul Ball, location: 2F
1-2: Ground out 4-3 (Groundball, 4, EV 83.8 MPH)
Top of the 6th over - 0 runs, 0 hits, 0 errors, 1 left on base; Rochester 0 - Round Rock 15
BOTTOM OF THE 6TH
Round Rock Express batting - Pitching for Rochester Red Wings : LHP Shu-yen Guo
Batting: RHB Rodolfo Contreras 0-0: Foul Ball, location: 2F
0-1: Called Strike
0-2: Ball
1-2: Ball
2-2: Fly out, F9 (Line Drive, 9D, EV 104.4 MPH)
Batting: SHB Isaiah Cherry 0-0: SINGLE (Groundball, 6D, EV 99.4 MPH)
Batting: SHB Dan Tew 0-0: Ball
1-0: Called Strike
1-1: Swinging Strike
1-2: Ball
2-2: Foul Ball, location: 2F
2-2: Ball
3-2: Foul Ball, location: 2F
3-2: SINGLE (Groundball, 4MD, EV 95.0 MPH)
Isaiah Cherry to second
Pitching: RHP Takashi Yamada
Batting: RHB Jerry Jauregui 0-0: Called Strike
0-1: Swinging Strike
0-2: Grounds into double play, 4-6-3 (Groundball, 4, EV 86.2 MPH)
Bottom of the 6th over - 0 runs, 2 hits, 0 errors, 1 left on base; Rochester 0 - Round Rock 15
TOP OF THE 7TH
Rochester Red Wings batting - Pitching for Round Rock Express : RHP Victor Nunez
Batting: LHB Steve Roepke 0-0: Ground out 6-3 (Groundball, 56, EV 86.2 MPH)
Batting: LHB Armando Rendon 0-0: Swinging Strike
0-1: Ball
1-1: Ground out 5-3 (Groundball, 56, EV 81.2 MPH)
Batting: SHB Aaron Tatar 0-0: Called Strike
0-1: Ball
1-1: Foul Ball, location: 2F
1-2: Strikes out swinging
Top of the 7th over - 0 runs, 0 hits, 0 errors, 0 left on base; Rochester 0 - Round Rock 15
BOTTOM OF THE 7TH
Round Rock Express batting - Pitching for Rochester Red Wings : RHP Takashi Yamada
Batting: RHB Rick Concha 0-0: Ball
1-0: Ball
2-0: Swinging Strike
2-1: Foul Ball, location: 2F
2-2: Ground out 5-3 (Groundball, 5, EV 81.2 MPH)
Batting: SHB Valentin Laporte 0-0: Fly out, F8 (Flyball, 8LM, EV 85.0 MPH)
Batting: SHB Alvare Bairro 0-0: Ball
1-0: Foul Ball, location: 2F
1-1: Called Strike
1-2: Strikes out looking
Bottom of the 7th over - 0 runs, 0 hits, 0 errors, 0 left on base; Rochester 0 - Round Rock 15
TOP OF THE 8TH
Rochester Red Wings batting - Pitching for Round Rock Express : RHP Victor Nunez
Batting: RHB Joe Zimmerman 0-0: Called Strike
0-1: Foul Ball, location: 2F
0-2: Strikes out swinging
Batting: RHB Gustavo Mendiola 0-0: Ball
1-0: Foul Ball, location: 2F
1-1: Foul Ball, location: 2F
1-2: Reached on error, E6 (Groundball, 6M, EV 104.4 MPH)
Batting: RHB Cesar Yega 0-0: Called Strike
0-1: Swinging Strike
0-2: Strikes out swinging
Batting: SHB Kamiel Akkerman 0-0: Ball
1-0: Called Strike
1-1: Fly out, F2 (Popup, 15S, EV 86.9 MPH)
Top of the 8th over - 0 runs, 0 hits, 1 error, 1 left on base; Rochester 0 - Round Rock 15
BOTTOM OF THE 8TH
Round Rock Express batting - Pitching for Rochester Red Wings : RHP Takashi Yamada
Batting: LHB Josh Cook 0-0: Called Strike
0-1: Ball
1-1: Ball
2-1: SOLO HOME RUN (Line Drive, 7D, EV 98.8 MPH), Distance : 372 ft
Batting: RHB Orlando Suarez 0-0: Ball
1-0: Called Strike
1-1: Foul Ball, location: 2F
1-2: Foul Ball, location: 2F
1-2: Ball
2-2: Strikes out swinging
Batting: RHB Rodolfo Contreras 0-0: Fly out, F8 (Flyball, 8LM, EV 82.5 MPH)
Batting: SHB Isaiah Cherry 0-0: Foul Ball, location: 2F
0-1: Ball
1-1: Called Strike
1-2: Reached on error, E4 (Groundball, 4, EV 93.8 MPH)
Batting: SHB Dan Tew 0-0: Ball
1-0: Ball
2-0: Called Strike
2-1: Called Strike
2-2: Foul Ball, location: 2F
2-2: SINGLE (Groundball, 4MD, EV 93.8 MPH)
Isaiah Cherry to second
Batting: RHB Jerry Jauregui 0-0: Ball
1-0: Ball
2-0: Ball
3-0: Called Strike
3-1: Base on Balls
Isaiah Cherry to third
Dan Tew to second
Batting: RHB Rick Concha 0-0: Foul Ball, location: 2F
0-1: Ball
1-1: Ball
2-1: Foul Ball, location: 2F
2-2: Hit by Pitch
Isaiah Cherry scores
Dan Tew to third
Jerry Jauregui to second
Batting: SHB Valentin Laporte 0-0: Swinging Strike
Passed Ball!
Dan Tew scores
Jerry Jauregui to third
Rick Concha to second
0-1: Fly out, F9 (Line Drive, 9, EV 95.6 MPH)
Bottom of the 8th over - 3 runs, 2 hits, 1 error, 2 left on base; Rochester 0 - Round Rock 18
TOP OF THE 9TH
Rochester Red Wings batting - Pitching for Round Rock Express : RHP Victor Nunez
Batting: RHB J.J. Powers 0-0: Ball
1-0: Foul Ball, location: 2F
1-1: Ground out 5-3 (Groundball, 56S, EV 91.2 MPH)
Batting: LHB Matt Patnaude 0-0: Called Strike
0-1: Foul Ball, location: 2F
0-2: Strikes out swinging
Batting: LHB Steve Roepke 0-0: Ball
1-0: Foul Ball, location: 2F
1-1: SOLO HOME RUN (Flyball, 9LD, EV 95.6 MPH), Distance : 341 ft
Batting: LHB Armando Rendon 0-0: Called Strike
0-1: Ball
1-1: Ground out 1-3 (Groundball, 13, EV 61.9 MPH)
Top of the 9th over - 1 run, 1 hit, 0 errors, 0 left on base; Rochester 1 - Round Rock 18
Wednesday, June 22nd , 2022 - OOTP Baseball 23.4 Build 64